 Dungeon Crawl Stone Soup version 0.23.1 (webtiles) character file.

Game seed: 2331474622772131787

74 MartialLaw the Skirmisher (level 4, 0/41 HPs)
             Began as a Hill Orc Berserker on Mar 14, 2019.
             Was a Believer of Trog.
             Shot with a stone by a goblin (5 damage)
             ... on level 2 of the Dungeon.
             The game lasted 00:04:13 (1743 turns).

MartialLaw the Skirmisher (Hill Orc Berserker)      Turns: 1743, Time: 00:04:15

Health: 0/41       AC:  2    Str: 20    XL:     4   Next: 30%
Magic:  4/4        EV: 12    Int:  7    God:    Trog [**....]
Gold:   112        SH:  0    Dex: 10    Spells: 3/3 levels left

rFire    . . .     SeeInvis .   a - +0 mace
rCold    . . .     Gourm    .   (no shield)
rNeg     . . .     Faith    .   b - +0 animal skin
rPois    .         Spirit   .   (no helmet)
rElec    .         Reflect  .   (no cloak)
rCorr    .         Harm     .   (no gloves)
MR       .....                  (no boots)
Stlth    +.........             (no amulet)
HPRegen  0.13/turn              (no ring)
MPRegen  0.09/turn              (no ring)

@: berserk cooldown, slowed, very slow
A: no striking features
a: Berserk, Trog's Hand, Renounce Religion


You were on level 2 of the Dungeon.
You worshipped Trog.
Trog was pleased with you.
You were very hungry.

You visited 1 branch of the dungeon, and saw 2 of its levels.

You collected 112 gold pieces.

Inventory:

Hand Weapons
 a - a +0 mace (weapon)
Armour
 b - a +0 animal skin (worn)
Scrolls
 e - a scroll of magic mapping {unknown}
 g - a scroll of teleportation {unknown}
 i - a scroll of fog {unknown}
 k - 2 scrolls of identify {unknown}
 m - a scroll of amnesia {unknown}
Potions
 d - 2 potions of lignification {unknown}
 f - 3 potions of haste {unknown}
 h - a potion of might {unknown}
 j - 2 potions of curing {unknown}
Comestibles
 c - 2 rations
 l - 2 chunks of flesh


   Skills:
 + Level 4.5 Fighting
 + Level 4.3 Maces & Flails
 + Level 2.3 Armour
 + Level 2.0 Dodging
 + Level 0.3 Stealth


You had 3 spell levels left.
You didn't know any spells.
Your spell library was empty.

Dungeon Overview and Level Annotations

Branches:
Dungeon (2/15)

Altars:
Makhleb
Zin


Message History

You feel yourself slow down.
The goblin unwields a +0 dagger.
The goblin wields a cursed -2 hunting sling.
The goblin shoots a stone.
The stone hits you but does no damage.
You hit the gnoll.
The gnoll is heavily wounded.
The gnoll hits you. The gnoll hits you with a +0 club. The gnoll hits you!
The goblin shoots a stone.
The stone misses you. The gnoll barely misses you.
You closely miss the gnoll.
The gnoll is heavily wounded.
The gnoll hits you. The gnoll completely misses you.
The goblin shoots a stone.
The stone hits you but does no damage. The gnoll closely misses you. x2
The goblin shoots a stone.
The stone barely misses you.
You hit the gnoll but do no damage.
The gnoll is heavily wounded.
The gnoll hits you!
* * * LOW HITPOINT WARNING * * *
The gnoll hits you with a +0 club.
* * * LOW HITPOINT WARNING * * *
The goblin shoots a stone.
The stone hits you.
You die...

.# # ..#.#..#.. #.#.#..... #
.......... #########.#.#.....
..........#<......
#######.....=$g.......
#....#........†g......
#............(@g....#
###.#.÷########...## #..# ..#
#..# .# ### #######..# # #A#
.........####### ####
####............ ####._.
#.......##################..#...
#.#.....# #..............+...


You could see 2 gnolls and a goblin.

Vanquished Creatures
  A gnoll (D:2)
  2 adders (D:2)
  A dart slug (D:1)
  2 leopard geckos (D:1)
  A ball python (D:1)
  4 bats
  3 goblins (D:1)
  8 hobgoblins
  4 jackals (D:1)
  6 kobolds (D:1)
  A quokka (D:2)
  2 frilled lizards
  4 rats
39 creatures vanquished.

Notes
Turn   | Place    | Note
-------+----------+-------------------------------------------
     0 | D:1      | MartialLaw the Hill Orc Berserker began the quest for the
                  | Orb.
     0 | D:1      | Reached XP level 1. HP: 19/19 MP: 1/1
   260 | D:1      | Reached XP level 2. HP: 27/27 MP: 2/2
   762 | D:1      | Reached XP level 3. HP: 32/33 MP: 3/3
  1366 | D:2      | Reached ** piety under Trog
  1446 | D:2      | Found a burning altar of Makhleb.
  1446 | D:2      | Noticed a blizzard demon
  1447 | D:2      | Found a glowing silver altar of Zin.
  1448 | D:2      | Noticed an angel
  1712 | D:2      | Reached XP level 4. HP: 35/41 MP: 4/4
  1743 | D:2      | Shot with a stone by a goblin

Skill      XL: |  1  2  3  4 |
---------------+-------------+-----
Fighting       | 4 |  4.5
Maces & Flails | 4 |  4.3
Dodging        | 2 |  2.0
Armour         | |  2.3
Stealth        | |  0.3

Action                   |  1- 3 |  4- 6 || total
-------------------------+-------+-------++-------
Melee: Mace              |    99 |     7 ||   106
Invok: Berserk           |     5 |     1 ||     6
  Eat: Chunk             |     7 |       ||     7
Armor: Animal skin       |    17 |     1 ||    18
Dodge: Dodged            |    61 |     8 ||    69
